 Dungeon Crawl Stone Soup version 0.18-a0-846-g91b95b1 (webtiles) character file.

128 Gorice the Caller (level 4, -3/21 HPs)
             Began as a Felid Wanderer on Dec 20, 2015.
             Shot with an arrow by a centaur (6 damage)
             ... on level 5 of the Dungeon.
             The game lasted 00:31:30 (8835 turns).

Gorice the Caller (Felid Wanderer)                  Turns: 8835, Time: 00:31:30

Health: -3/21      AC:  1    Str:  7    XL:     4   Next: 87%
Magic:  0/9        EV: 10    Int: 14    God:
Gold:   236        SH:  0    Dex: 17    Spells: 2 memorised, 6 levels left
                                        Lives:  0   Deaths: 1

rFire  . . .     SeeInvis +     (weapon unavailable)
rCold  . . .     Gourm    .     (armour unavailable)
rNeg   . . .     Faith    .     (shield unavailable)
rPois  .         Spirit   .     (helmet unavailable)
rElec  .         Dismiss  .     (cloak unavailable)
rCorr  .         Reflect  .     (gloves unavailable)
SustAt .         Harm     .     (boots unavailable)
MR     .....                    (no amulet)
Stlth  ++........               (no ring)
                                (no ring)

@: quick, not resistant to hostile enchantments, unstealthy
A: no armour, no weapons or thrown items, claws 1, fangs 3, see invisible,
carnivore 3, speed 1, shaggy fur 1, slow metabolism 1, sharp paws
a: no special abilities


You were on level 5 of the Dungeon.
You were not hungry.

You visited 1 branch of the dungeon, and saw 5 of its levels.

You collected 236 gold pieces.

Inventory:

Jewellery
 k - an uncursed amulet of guardian spirit
 q - an uncursed ring of fire
Scrolls
 e - a scroll of teleportation {!r}
 h - 3 scrolls of remove curse
 l - a scroll of blinking {unknown}
 o - a scroll of fear {!r}
Potions
 a - a potion of lignification {!q}
 d - 2 potions of heal wounds {!q}
 f - 2 potions of haste {!q}
 j - a potion of resistance {!q}
 m - a potion of invisibility {!q}
 n - a potion of mutation {unknown}
 p - 2 potions of berserk rage
Books
 b - Qewecoekh's Guide on the Escort

   Spells                             Type                      Level
   a - Summon Small Mammal            Summoning                    1
   b - Call Imp                       Summoning                    2
 g - a book of Annihilations
Comestibles
 c - 2 meat rations {!e}
 i - a beef jerky


   Skills:
 - Level 3.0 Fighting
 - Level 1.3 Stealth
 + Level 3.2 Spellcasting
   Level 1.5 Hexes
 * Level 5.0 Summonings
   Level 1.1 Evocations


You had 6 spell levels left.
You knew the following spells:

 Your Spells              Type           Power        Failure   Level  Hunger
a - Summon Small Mammal   Summ           ###.         2%          1    #......
b - Call Imp              Summ           ###.....     4%          2    ##.....


Dungeon Overview and Level Annotations

Branches:
Dungeon (5/15)
 Temple: D:4-7

Altars:
Elyvilon
Gozag
Kikubaaqudgha
Qazlal

Annotations:
D:4 pUX, Edmund, Grinder
D:5 exclusion: water moccasin


Innate Abilities, Weirdness & Mutations

You cannot wear armour.
You are incapable of wielding weapons or throwing items.
You have sharp claws.
You have razor-sharp teeth.
You have supernaturally acute eyesight.
You are carnivorous and can eat meat at any time.
You cover ground quickly.
You are covered in fur (AC +1).
You have a slow metabolism.
Your sharp claws are effective at attacking unaware monsters.


Message History

A beastly little devil appears in a puff of frigid air.
The jackal closely misses you. x2
Unknown command.
You scratch the jackal.
The jackal is heavily wounded.
Your shadow imp hits the jackal.
The jackal bites your shadow imp.
You scratch the jackal but do no damage.
The jackal is severely wounded.
Your shadow imp barely misses the jackal.
The jackal misses you.
You scratch the jackal.
The jackal is almost dead.
The jackal barely misses you.
Your shadow imp hits the jackal but does no damage.
The jackal barely misses you.
Your shadow imp barely misses the jackal.
You scratch the jackal.
You kill the jackal!
You swap places.
The centaur shoots an arrow.
The arrow completely misses you. The arrow hits your white imp!
The centaur shoots an arrow.
The arrow completely misses you. The arrow hits your white imp.
Your white imp dies!
You see here a jackal corpse.
The centaur unwields an uncursed shortbow.
The centaur wields a flail.
The centaur closely misses you.
You see here an arrow.
You scratch the centaur.
The centaur is lightly wounded.
The centaur hits you with a flail!
* * * LOW HITPOINT WARNING * * *
Damage: 9 (max 9) Unknown command.
You swap places.
The centaur closely misses your shadow imp.
Your shadow imp hits the centaur but does no damage.
Casting: Call Imp
Confirm with . or Enter, or press ? or * to list all spells.
The centaur hits your shadow imp with a flail!
Your shadow imp dies!
Unknown command.
Your quokka bites the centaur but does no damage.
The centaur unwields an uncursed flail.
The centaur wields an uncursed shortbow.
The centaur shoots an arrow.
The arrow closely misses you.
Your quokka barely misses the centaur.
The centaur shoots an arrow.
The arrow closely misses you.
Your quokka bites the centaur but does no damage.
There is a stone staircase leading up here.
The centaur shoots an arrow.
The arrow hits you.
You die...

######################
............[........#
...(..........(......#
##############(......#
........r.c.....#
........(.......#
####............#
#............#
#........@....#
........(.(..###
.........######
.........# ####...
..... .... #.. .. #..#


You could see a centaur and a friendly quokka.

Vanquished Creatures
  3 adders
  3 bats (D:1)
  2 giant cockroaches
  A goblin (D:1)
  A hobgoblin (D:3)
  3 jackals
  A quokka (D:2)
  3 giant newts
  A jackal skeleton (D:5)
  4 rats
22 creatures vanquished.

Vanquished Creatures (collateral kills)
  A water moccasin (D:5)
  A giant frog (D:4)
  Natasha (thrice) (D:4)
  2 gnolls (D:2)
  3 adders (D:2)
  An adder skeleton (D:4)
  A worm (D:2)
  A giant gecko (D:3)
  6 orcs
  2 giant cockroaches (D:2)
  4 hobgoblins
  2 jackals
  6 kobolds
  A quokka (D:2)
  A ball python (D:4)
  10 bats
  3 giant newts
  3 goblins
  A quokka skeleton (D:5)
  6 rats
58 creatures vanquished.

Grand Total: 80 creatures vanquished

Notes
Turn   | Place    | Note
--------------------------------------------------------------
     0 | D:1      | Gorice the Felid Wanderer began the quest for the Orb.
     0 | D:1      | Gorice set off with: a potion of lignification {!q}, Qewecoekh's Guide on the Escort, a meat ration {!e}
     0 | D:1      | Reached XP level 1. HP: 10/10 MP: 4/4
     0 | D:1      | Identified Qewecoekh's Guide on the Escort
     2 | D:1      | Learned a level 1 spell: Summon Small Mammal
   219 | D:1      | HP: 3/10 [giant newt (3)]
   222 | D:1      | HP: 1/10 [giant newt (2)]
   665 | D:1      | HP: 1/10 [hobgoblin/club (3)]
  1008 | D:1      | Reached XP level 2. HP: 14/14 MP: 1/6
  1648 | D:2      | Learned a level 2 spell: Call Imp
  2122 | D:2      | Reached skill level 3 in Summonings
  2361 | D:2      | Reached XP level 3. HP: 9/17 MP: 1/7
  3270 | D:2      | HP: 5/17 [poisoned by an adder]
  4900 | D:3      | Reached XP level 4. HP: 19/21 MP: 0/9
  5138 | D:3      | Found a stormy altar of Qazlal.
  5348 | D:3      | Found a white marble altar of Elyvilon.
  5350 | D:3      | Found an ancient bone altar of Kikubaaqudgha.
  5391 | D:3      | Found an opulent altar of Gozag.
  5860 | D:4      | HP: 5/21 [orc/morningstar (6)]
  6122 | D:4      | Reached skill level 4 in Summonings
  6356 | D:4      | Noticed Natasha
  6365 | D:4      | Killed Natasha
  6587 | D:4      | Noticed a giant frog
  6607 | D:4      | Killed a giant frog
  6716 | D:4      | Reached skill level 3 in Spellcasting
  6829 | D:4      | Noticed Grinder
  6877 | D:4      | Noticed Natasha
  7106 | D:3      | HP: 5/21 [worker ant (2)]
  7370 | D:2      | HP: 6/21 [worker ant (2)]
  7710 | D:4      | Killed Natasha
  8049 | D:4      | Noticed Edmund
  8097 | D:5      | Entered Level 5 of the Dungeon
  8117 | D:4      | Noticed Natasha
  8123 | D:4      | Killed Natasha
  8202 | D:5      | Noticed a necrophage
  8202 | D:5      | Noticed a centaur
  8347 | D:5      | Noticed a water moccasin
  8442 | D:5      | Reached XP level 5. HP: 14/24 MP: 4/10
  8450 | D:5      | HP: 7/24 [poisoned by an adder]
  8456 | D:5      | HP: 3/24 [poisoned by an adder]
  8643 | D:5      | Shot with an arrow by a centaur
  8644 | D:5      | Reached XP level 4. HP: 0/21 MP: 2/9
  8708 | D:5      | Killed a water moccasin
  8708 | D:5      | Reached skill level 5 in Summonings
  8828 | D:5      | HP: 3/21 [centaur/flail (9)]
  8835 | D:5      | Shot with an arrow by a centaur

Vault maps used:
D:1:      eino_arrival_water_star
D:2:      serial_bayou_lagoon_a, minmay_misc_feat_roman
D:3:      grunt_qazlal_sundering, minitemple,
          nicolae_gozag_cash_rules_everything_around_me
D:4:      uniq_edmund, uniq_grinder, uniq_natasha
D:5:      first_bread, nicolae_dithmenos_the_darkroom

Action                   |  1- 3 |  4- 6 || total
-------------------------+-------+-------++-------
Melee: Unarmed           |    67 |    41 ||   108
 Cast: Summon Small Mamm |   171 |   155 ||   326
       Call Imp          |    18 |    23 ||    41
  Use: Scroll            |     9 |     2 ||    11
       Potion            |     1 |     3 ||     4
 Stab: Sleeping          |     5 |     2 ||     7
       Distracted        |     1 |       ||     1
  Eat: Chunk             |    21 |     5 ||    26

Table legend:
 A = Turns spent in this place as a percentage of turns spent in the entire game.
 B = Non-inter-level travel turns spent in this place as a percentage of non-inter-level travel turns spent in the entire game.
 C = Inter-level travel turns spent in this place as a percentage of turns spent in this place.
 D = Turns resting spent in this place as a percentage of non-inter-level travel turns spent in this place.
 E = Turns spent auto-exploring this place as a percentage of non-inter-level travel turns spent in this place.
 F = Non-inter-level travel turns spent in this place divided by the number of levels of this place that you've seen.
                   A       B       C       D       E      F
               +-------+-------+-------+-------+-------+----------------------
         Total | 100.0 | 100.0 |   0.4 |   5.7 |   3.1 | 599.4
       Dungeon | 100.0 | 100.0 |   0.4 |   5.7 |   3.1 | 599.4
               +-------+-------+-------+-------+-------+----------------------

Vault maps used:
D:1:      eino_arrival_water_star
D:2:      serial_bayou_lagoon_a, minmay_misc_feat_roman
D:3:      grunt_qazlal_sundering, minitemple,
          nicolae_gozag_cash_rules_everything_around_me
D:4:      uniq_edmund, uniq_grinder, uniq_natasha
D:5:      first_bread, nicolae_dithmenos_the_darkroom
